 Dungeon Crawl Stone Soup version 0.29.0-4-gdea44cf6ec (webtiles) character file.

Game seed: 4194249090400790802

6887 qw the Cleaver (level 11, -3/68 HPs)
             Began as a Gargoyle Fighter on Sept 9, 2022.
             Was a Priest of Okawaru.
             Killed by divine providence
             ... invoked by an orc priest
              (11 damage)
             ... on level 8 of the Dungeon.
             The game lasted 00:03:27 (8394 turns).

qw the Cleaver (Gargoyle Fighter)                   Turns: 8394, Time: 00:03:27

Health: -3/68      AC: 24    Str: 29    XL:     11   Next: 6%
Magic:  14/14      EV: 14    Int: 15    God:    Okawaru [***...]
Gold:   373        SH: 12    Dex: 11    Spells: 10/10 levels left

rFire   . . .      SeeInvis .   Y - +2 war axe
rCold   . . .      Faith    .   i - +0 kite shield
rNeg    + . .      Spirit   .   h - +0 chain mail
rPois   inf        Reflect  .   k - +2 helmet
rElec   +          Harm     .   (no cloak)
rCorr   .          Rampage  .   (no gloves)
Will    .....                   o - +0 pair of boots
Stlth   ..........              (no amulet)
HPRegen 0.21/turn               b - ring "Keonkei" {Str+6 Int+5 Dex+2}
MPRegen 0.14/turn               p - +4 ring of evasion

@: heroic
A: sickness immunity, AC +8, negative energy resistance 1, electricity
resistance, torment resistance 1, petrification resistance
a: Renounce Religion, Heroism


You were on level 8 of the Dungeon.
You worshipped Okawaru.
Okawaru was most pleased with you.
You visited 2 branches of the dungeon, and saw 9 of its levels.

You collected 373 gold pieces.


Innate Abilities, Weirdness & Mutations

You are immune to sickness and miasma.
Your stone body is resilient. (AC +8)
You are immune to poison.
You resist negative energy. (rN+)
You are resistant to electric shocks. (rElec)
You are resistant to unholy torment.
You are immune to petrification.


   Skills:
 - Level 8.0(13.0) Fighting
 + Level 10.6(15.6) Axes
 - Level 1.2(6.2) Throwing
 - Level 5.1(10.1) Armour
 - Level 2.1(7.1) Dodging
 - Level 9.3(14.3) Shields
 - Level 4.0 Invocations


You had 10 spell levels left.
You didn't know any spells.
Your spell library was empty.

Inventory:

Hand Weapons
 n - a +0 morningstar
 Y - a +2 war axe (weapon)
Missiles
 g - 3 boomerangs (quivered)
Armour
 h - a +0 chain mail (worn)
 i - a +0 kite shield (worn)
 k - a +2 helmet (worn)
 o - a +0 pair of boots (worn)
Jewellery
 b - the ring "Keonkei" (left hand) {Str+6 Int+5 Dex+2}
   (You acquired it on level 4 of the Dungeon)

   [ring of strength]

   Str:       It affects your strength (+6).
   Int:       It affects your intelligence (+5).
   Dex:       It affects your dexterity (+2).
 p - a +4 ring of evasion (right hand)
Scrolls
 e - 3 scrolls of identify
 m - a scroll of fog
 r - a scroll of blinking
Potions
 a - a potion of heal wounds
 d - 3 potions of might
 f - 2 potions of resistance
 j - 4 potions of curing
 l - a potion of lignification

Dungeon Overview and Level Annotations

Branches:
Dungeon (8/15)             Temple (1/1) D:4
   Lair: D:8-11

Altars:
Ashenzari
Cheibriados
Dithmenos
Elyvilon
Fedhas
Gozag
Hepliaklqana
Makhleb
Nemelex Xobeh
Okawaru
Qazlal
Ru
Sif Muna
Trog
Uskayaw
Vehumet
Wu Jian
Xom
Yredelemnul
Zin
The Shining One

Annotations:
D:2 1 runed translucent door, Crazy Yiuf, Natasha
D:5 2 transporters, qw's ghost, novice DsCA


Message History

You slice the orc!!
You kill the orc!
Okawaru accepts your kill.
Throw: 3 boomerangs
Press: ? - help, Q - select action Shift-Dir - straight line, f - two-headed ogre You throw a boomerang.
The boomerang hits the two-headed ogre!
The two-headed ogre is lightly wounded.
An orc wizard comes into view. It is wielding a +0 dagger.
An orc priest comes into view. It is wielding a +0 war axe.
The orc priest shouts!
Items here: $ % ))) [.
An orc priest comes into view. It is wielding a +0 mace.
The orc priest shouts!
You hear a shout!
The two-headed ogre hits you with a +0 giant club!
The two-headed ogre hits you with a +0 giant club.
You slice the two-headed ogre!!
The two-headed ogre is heavily wounded.
You slice the two-headed ogre!!
The two-headed ogre is almost dead.
An orc comes into view. It is wielding a +0 dagger.
The two-headed ogre hits you with a +0 giant club! x2
You hit the two-headed ogre.
The two-headed ogre is almost dead.
The orc wizard casts a spell at you.
You easily resist.
You slice the two-headed ogre!!
You kill the two-headed ogre!
Okawaru is honoured by your kill.
The orc priest invokes the aid of Beogh against you.
You struggle to resist.
Your base Shields skill increases to level 9!
You have reached level 11!
You slash the orc wizard!
You kill the orc wizard!
Okawaru accepts your kill.
The orc priest invokes the aid of Beogh against you.
Beogh smites you!
The orc priest calls down the wrath of Beogh upon you.
Beogh smites you!
You die...

#........##....
#........##....
#......##.....
##............ ###
##.............
##..###..###.........
#....)..## #.........
##....)>## ##........
#....@...# #........
......))....#
##.......
.....o......#
#.......
....o........#
##......
....o#########
##..... ..... ....
....


You could see 2 orc priests and an orc.

Vanquished Creatures
  Erica (D:8)
  A two-headed ogre (D:8)
  A cyclops (D:7)
  Psyche (D:8)
  A troll (D:8)
  A hornet (D:7)
  Sigmund (D:2)
  A shadow (D:6)
  2 steam dragons
  4 water moccasins
  2 acid dragons (D:7)
  3 orc warriors
  3 black bears
  3 ogres
  3 centaurs (D:7)
  A kobold brigand (D:7)
  5 bullfrogs
  2 necrophages (D:6)
  2 gnoll sergeants
  2 scorpions
  5 wights (D:6)
  6 killer bees
  4 howler monkeys
  7 orc priests
  2 jellies
  3 hounds
  5 iguanas
  10 orc wizards
  Natasha (twice) (D:2)
  8 gnolls
  7 adders
  2 white imps
  An ufetubus (D:7)
  3 worms
  2 dart slugs (D:1)
  25 orcs
  8 endoplasms
  4 giant cockroaches
  7 goblins
  9 hobgoblins
  11 jackals
  8 kobolds
  9 quokkas
  8 ball pythons
  6 bats
  3 frilled lizards
  4 rats
209 creatures vanquished.

Notes
Turn   | Place    | Note
-------+----------+-------------------------------------------
     0 | D:1      | qw the Gargoyle Fighter began the quest for the Orb.
     0 | D:1      | Reached XP level 1. HP: 14/14 MP: 1/1
     0 | D:1      | 0 ||| qw: Version: 0.1-a-113-g051387a
     0 | D:1      | 0 ||| qw: Game counter: 7040
     0 | D:1      | 0 ||| qw: Always use a shield: true
     0 | D:1      | 0 ||| qw: God list: Okawaru
     0 | D:1      | 0 ||| qw: Allow faded altars: false
     0 | D:1      | 0 ||| qw: Do Orc after D:15 true
     0 | D:1      | 0 ||| qw: Do second Lair branch before Depths: true
     0 | D:1      | 0 ||| qw: Lair rune preference: random
     0 | D:1      | 0 ||| qw: Plans: Normal, Zot, God:TSO, Crypt, Tomb, Zig,
                  | Orb
     0 | D:1      | 0 ||| PLANNING D:1-11
    47 | D:1      | Reached skill level 2 in Axes
    95 | D:1      | 95 ||| Stepping ~*~*~tactically~*~*~ (stealth).
   113 | D:1      | Found a faded altar of an unknown god.
   131 | D:1      | 131 ||| Stepping ~*~*~tactically~*~*~ (stealth).
   133 | D:1      | 133 ||| Stepping ~*~*~tactically~*~*~ (stealth).
   134 | D:1      | 134 ||| Stepping ~*~*~tactically~*~*~ (stealth).
   137 | D:1      | Reached XP level 2. HP: 17/19 MP: 2/2
   316 | D:1      | Reached skill level 3 in Axes
   380 | D:1      | Reached XP level 3. HP: 23/23 MP: 3/3
   463 | D:1      | 463 ||| Stepping ~*~*~tactically~*~*~ (hiding).
   572 | D:1      | 572 ||| Stepping ~*~*~tactically~*~*~ (hiding).
  1009 | D:1      | 1009 ||| READING scroll labelled TOURPH LOSIROAP.
  1010 | D:1      | 1010 ||| READING scroll labelled VINIAC DUDED.
  1011 | D:1      | 1011 ||| READING scroll labelled DEANOSTRO UFRIO.
  1206 | D:2      | Found a shimmering altar of Xom.
  1261 | D:2      | Noticed Natasha
  1262 | D:2      | 1262 ||| Stepping ~*~*~tactically~*~*~ (stealth).
  1264 | D:2      | 1264 ||| Stepping ~*~*~tactically~*~*~ (hiding).
  1276 | D:2      | Killed Natasha
  1277 | D:2      | Reached skill level 4 in Axes
  1277 | D:2      | Reached XP level 4. HP: 13/28 MP: 4/4
  1345 | D:2      | 1345 ||| FLEEEEING.
  1354 | D:2      | 1354 ||| STAIRDANCE
  1479 | D:1      | 1479 ||| DROPPING scarf of invisibility.
  1480 | D:1      | 1480 ||| DRINKING 3 bubbling ruby potions.
  1481 | D:1      | 1481 ||| DRINKING 2 clear potions.
  1482 | D:1      | 1482 ||| READING 2 scrolls of identify.
  1482 | D:1      | 1482 ||| IDENTIFYING black potion
  1483 | D:1      | 1483 ||| DROPPING potion of magic.
  1573 | D:2      | Noticed Sigmund
  1585 | D:2      | Killed Sigmund
  1586 | D:2      | Reached skill level 5 in Axes
  1586 | D:2      | Reached XP level 5. HP: 23/32 MP: 5/5
  1586 | D:2      | Reached XP level 6. HP: 26/37 MP: 6/6
  1691 | D:2      | Noticed Natasha
  1693 | D:2      | Killed Natasha
  1909 | D:2      | Noticed Natasha
  1910 | D:2      | 1910 ||| Stepping ~*~*~tactically~*~*~ (stealth).
  2048 | D:2      | Found a runed translucent door.
  2049 | D:2      | Noticed Crazy Yiuf
  2052 | D:2      | 2052 ||| READING 4 scrolls of identify.
  2052 | D:2      | 2052 ||| IDENTIFYING metallic ruby potion
  2053 | D:2      | 2053 ||| READING 3 scrolls of identify.
  2053 | D:2      | 2053 ||| IDENTIFYING coppery potion
  2054 | D:2      | 2054 ||| DROPPING potion of ambrosia.
  2055 | D:2      | 2055 ||| DROPPING potion of flight.
  2211 | D:3      | 2211 ||| Stepping ~*~*~tactically~*~*~ (hiding).
  2225 | D:3      | 2225 ||| FLEEEEING.
  2226 | D:3      | 2226 ||| FLEEEEING.
  2227 | D:3      | 2227 ||| FLEEEEING.
  2228 | D:3      | 2228 ||| FLEEEEING.
  2229 | D:3      | 2229 ||| FLEEEEING.
  2230 | D:3      | 2230 ||| STAIRDANCE
  2384 | D:3      | Found a white marble altar of Elyvilon.
  2481 | D:3      | Reached skill level 1 in Dodging
  2812 | D:3      | Found a broken altar of Ashenzari.
  2988 | D:3      | 2988 ||| DROPPING amulet of magic regeneration.
  2989 | D:3      | 2989 ||| UPGRADING to +4 ring of evasion.
  2990 | D:3      | 2990 ||| READING scroll labelled EGGUNU HUGU.
  3042 | D:4      | Found a staircase to the Ecumenical Temple.
  3043 | D:4      | 3043 ||| PLANNING TEMPLE
  3054 | Temple   | Entered the Ecumenical Temple
  3168 | Temple   | 3168 ||| PLANNING D:1-11
  3192 | D:4      | Reached skill level 6 in Axes
  3214 | D:4      | 3214 ||| READING scroll of enchant weapon.
  3214 | D:4      | 3214 ||| ENCHANTING +1 war axe.
  3230 | D:4      | Reached XP level 7. HP: 43/43 MP: 7/7
  3579 | D:4      | Identified the ring "Segeus" {rN+ Will++ Dex-2}
  3617 | D:4      | Reached skill level 7 in Axes
  3785 | D:4      | 3785 ||| UPGRADING to +0 chain mail.
  3795 | D:4      | 3795 ||| DROPPING +0 scale mail.
  3796 | D:4      | 3796 ||| UPGRADING to ring "Segeus" {rN+ Will++ Dex-2}.
  3797 | D:4      | 3797 ||| READING scroll labelled GILICZ IZAO.
  3798 | D:4      | 3798 ||| READING scroll labelled ANGAAROFUMM.
  3799 | D:4      | 3799 ||| READING scroll labelled DOUSAS OCAN.
  3854 | D:4      | 3854 ||| READING scroll labelled RIUWKA ODESTRUI.
  3854 | D:4      | Identified a scroll of acquirement
  3854 | D:4      | 3854 ||| ACQUIRING ring "Keonkei" {Str+6 Int+5 Dex+2}
  3854 | D:4      | Acquired the ring "Keonkei" {Str+6 Int+5 Dex+2}
  3856 | D:4      | 3856 ||| UPGRADING to ring "Keonkei" {Str+6 Int+5 Dex+2}.
  3858 | D:4      | 3858 ||| UPGRADING to +4 ring of evasion.
  3860 | D:4      | 3860 ||| DROPPING ring "Segeus" {rN+ Will++ Dex-2}.
  3861 | D:4      | 3861 ||| READING 4 scrolls of identify.
  3861 | D:4      | 3861 ||| IDENTIFYING orange potion
  3862 | D:4      | 3862 ||| READING 3 scrolls of identify.
  3862 | D:4      | 3862 ||| IDENTIFYING viscous coppery potion
  3863 | D:4      | 3863 ||| DROPPING potion of degeneration.
  3874 | D:5      | Entered Level 5 of the Dungeon
  3874 | D:5      | Found a hide-covered altar of Uskayaw.
  3875 | D:5      | 3875 ||| STAIRDANCE
  3881 | D:5      | 3881 ||| STAIRDANCE
  3911 | D:5      | 3911 ||| DROPPING +0 whip.
  3940 | D:5      | 3940 ||| Stepping ~*~*~tactically~*~*~ (hiding).
  4249 | D:5      | Found a transporter.
  4251 | D:5      | Noticed qw's ghost (novice DsCA)
  4332 | D:5      | Found a transporter.
  4510 | D:5      | Reached skill level 1 in Throwing
  4662 | D:5      | 4662 ||| READING scroll labelled WEUNOTEOTA.
  4663 | D:5      | 4663 ||| READING scroll labelled SAWOLU RUFF.
  4667 | D:5      | 4667 ||| READING 2 scrolls of identify.
  4667 | D:5      | 4667 ||| IDENTIFYING yellow potion
  4685 | D:6      | 4685 ||| PLANNING OSSUARY
  4697 | D:6      | Reached XP level 8. HP: 45/49 MP: 8/8
  4733 | D:6      | 4733 ||| Stepping ~*~*~tactically~*~*~ (stealth).
  4809 | D:6      | HP: 7/49 [bullfrog (6)]
  4810 | D:6      | 4810 ||| DRINKING 3 potions of heal wounds.
  4812 | D:6      | Reached skill level 8 in Axes
  4815 | D:6      | HP: 11/51 [gnoll/+0 spear[a gnoll sergeant] (4)]
  4816 | D:6      | 4816 ||| DRINKING 2 potions of heal wounds.
  4923 | D:6      | Found an iron altar of Okawaru.
  4931 | D:6      | Became a worshipper of Warmaster Okawaru
  4964 | D:6      | Noticed a shadow
  4974 | D:6      | Killed a shadow
  4975 | D:6      | Reached skill level 6 in Fighting
  5110 | D:6      | Reached * piety under Okawaru
  5114 | D:6      | Reached XP level 9. HP: 41/56 MP: 9/9
  5115 | D:6      | 5115 ||| INVOKING Heroism.
  5119 | D:6      | Reached skill level 1 in Invocations
  5226 | D:6      | 5226 ||| DROPPING +0 flail.
  5228 | D:6      | 5228 ||| Stepping ~*~*~tactically~*~*~ (hiding).
  5229 | D:6      | 5229 ||| Stepping ~*~*~tactically~*~*~ (hiding).
  5234 | D:6      | Reached skill level 9 in Axes
  5338 | D:6      | 5338 ||| RIP OSSUARY
  5343 | D:6      | 5343 ||| PLANNING D:1-11
  5460 | D:6      | Found a bloodstained altar of Trog.
  5469 | D:6      | 5469 ||| INVOKING Heroism.
  5477 | D:6      | Reached skill level 3 in Invocations
  5909 | D:6      | 5909 ||| UPGRADING to +1 helmet.
  5968 | D:7      | Found an opulent altar of Gozag.
  5969 | D:7      | 5969 ||| INVOKING Heroism.
  5973 | D:7      | 5973 ||| Stepping ~*~*~tactically~*~*~ (stealth).
  5974 | D:7      | 5974 ||| Stepping ~*~*~tactically~*~*~ (stealth).
  6123 | D:7      | 6123 ||| DROPPING +4 flail.
  6143 | D:7      | 6143 ||| INVOKING Heroism.
  6146 | D:7      | 6146 ||| Stepping ~*~*~tactically~*~*~ (hiding).
  6168 | D:7      | 6168 ||| INVOKING Heroism.
  6185 | D:7      | Reached ** piety under Okawaru
  6311 | D:7      | 6311 ||| Stepping ~*~*~tactically~*~*~ (stealth).
  6328 | D:7      | 6328 ||| INVOKING Heroism.
  6339 | D:7      | 6339 ||| Stepping ~*~*~tactically~*~*~ (stealth).
  6340 | D:7      | 6340 ||| Stepping ~*~*~tactically~*~*~ (stealth).
  6414 | D:7      | 6414 ||| INVOKING Heroism.
  6419 | D:7      | Reached skill level 10 in Axes
  6454 | D:7      | 6454 ||| Stepping ~*~*~tactically~*~*~ (hiding).
  6456 | D:7      | 6456 ||| Stepping ~*~*~tactically~*~*~ (hiding).
  6462 | D:7      | 6462 ||| INVOKING Heroism.
  6465 | D:7      | Reached XP level 10. HP: 63/63 MP: 10/13
  6514 | D:7      | 6514 ||| INVOKING Heroism.
  6538 | D:7      | 6538 ||| INVOKING Heroism.
  6756 | D:7      | 6756 ||| Stepping ~*~*~tactically~*~*~ (hiding).
  6761 | D:7      | 6761 ||| INVOKING Heroism.
  6993 | D:7      | 6993 ||| Stepping ~*~*~tactically~*~*~ (stealth).
  6996 | D:7      | 6996 ||| Stepping ~*~*~tactically~*~*~ (hiding).
  7000 | D:7      | 7000 ||| Stepping ~*~*~tactically~*~*~ (stealth).
  7001 | D:7      | 7001 ||| Stepping ~*~*~tactically~*~*~ (stealth).
  7002 | D:7      | Noticed a cyclops
  7003 | D:7      | 7003 ||| INVOKING Heroism.
  7013 | D:7      | Killed a cyclops
  7148 | D:7      | Identified the +10 rapier "Kubbaduj" {antimagic, +Blink
                  | rPois rC+ rN+}
  7148 | D:7      | Identified the +12 scimitar of Ratoun Imou {venom, Str+3
                  | Dex+4}
  7197 | D:7      | 7197 ||| INVOKING Heroism.
  7198 | D:7      | 7198 ||| Stepping ~*~*~tactically~*~*~ (cloud).
  7365 | D:7      | 7365 ||| READING scroll of enchant armour.
  7365 | D:7      | 7365 ||| ENCHANTING +1 helmet.
  7454 | D:7      | Found a blossoming altar of Fedhas.
  7469 | D:7      | Noticed an oklob plant
  7470 | D:7      | 7470 ||| INVOKING Heroism.
  7732 | D:7      | 7732 ||| INVOKING Heroism.
  7747 | D:7      | 7747 ||| UPGRADING to +0 kite shield.
  7757 | D:7      | 7757 ||| DROPPING +0 buckler.
  7758 | D:7      | 7758 ||| UPGRADING to +0 pair of boots.
  7763 | D:7      | 7763 ||| INVOKING Heroism.
  7778 | D:7      | 7778 ||| READING 2 scrolls labelled POPRUSTRAAXT.
  7779 | D:7      | 7779 ||| DROPPING scroll of noise.
  7848 | D:8      | 7848 ||| Stepping ~*~*~tactically~*~*~ (hiding).
  7854 | D:8      | 7854 ||| FLEEEEING.
  7856 | D:8      | 7856 ||| FLEEEEING.
  7857 | D:8      | 7857 ||| FLEEEEING.
  7858 | D:8      | 7858 ||| FLEEEEING.
  7859 | D:8      | 7859 ||| FLEEEEING.
  7864 | D:8      | 7864 ||| STAIRDANCE
  7968 | D:8      | Noticed Psyche
  7969 | D:8      | 7969 ||| Stepping ~*~*~tactically~*~*~ (hiding).
  7970 | D:8      | 7970 ||| INVOKING Heroism.
  7991 | D:8      | Killed Psyche
  7992 | D:8      | Reached skill level 6 in Shields
  8035 | D:8      | 8035 ||| INVOKING Heroism.
  8207 | D:8      | 8207 ||| INVOKING Heroism.
  8208 | D:8      | 8208 ||| Stepping ~*~*~tactically~*~*~ (cloud).
  8209 | D:8      | 8209 ||| Stepping ~*~*~tactically~*~*~ (cloud).
  8227 | D:8      | Noticed Erica
  8228 | D:8      | 8228 ||| INVOKING Heroism.
  8245 | D:8      | 8245 ||| DRINKING 5 potions of curing.
  8245 | D:8      | 8245 ||| (to cure confusion)
  8254 | D:8      | Killed Erica
  8254 | D:8      | Reached *** piety under Okawaru
  8369 | D:8      | 8369 ||| INVOKING Heroism.
  8384 | D:8      | Noticed a two-headed ogre
  8393 | D:8      | Killed a two-headed ogre
  8394 | D:8      | Reached skill level 9 in Shields
  8394 | D:8      | Reached XP level 11. HP: 18/68 MP: 14/14
  8394 | D:8      | HP: 8/68 [orc priest/divine providence (10)]
  8394 | D:8      | Killed from afar by an orc priest

Levels and vault maps discovered:
D:1:      dpeg_arrival_tiny_b, layout_loops_cross,
          hellmonk_ecumenical_altar_prayer_group
D:2:      layout_loops_ring, basic_altar, uniq_crazy_yiuf_cottage, uniq_sigmund,
          uniq_natasha
D:3:      layout_basic, lemuel_round_altar, mainiacjoe_overflow_alcove_4
D:4:      layout_rooms, minmay_temple_entry_tees, minmay_increasing_density
D:5:      layout_loops_ring, mainiacjoe_overflow_tiny_flanked,
          gammafunk_ghost_stat_death
D:6:      layout_basic, trog_three_pillars_becter, okawaru_trees_1,
          enter_ossuary_3, chequers_serial_rivers_room_a,
          kennysheep_generic_room_12
D:7:      minmay_the_grid_plus [minmay_the_grid_outer_diamond,
          minmay_the_grid_plusring, minmay_the_grid_stretched_grid,
          minmay_the_grid_x, minmay_the_grid_prize_shrinking_boxes],
          layout_basic, nicolae_gozag_seed_capital, tgw_fedhas,
          minmay_misc_feat_encased, nicolae_concentric_dashed_squares_mild
D:8:      layout_cave_pods, dreamdust_wishing_well, uniq_erica, uniq_psyche
Temple:   nicolae_temple_superstar

Skill      XL: |  1  2  3  4  5  6  7  8  9 10 |
---------------+-------------------------------+-----
Axes           | 2 3 4 5 6 7 8 10 | 10.6
Fighting       | 4 5 6 7 8 |  8.0
Dodging        | 1 2 |  2.1
Throwing       | 1 |  1.2
Invocations    | 4 |  4.0
Shields        | 4 9 |  9.3
Armour         | 5 |  5.1

Action                   |  1- 3 |  4- 6 |  7- 9 | 10-12 || total
-------------------------+-------+-------+-------+-------++-------
Melee: War axe           |    84 |   122 |   251 |   145 ||   602
Throw: Boomerang         |       |    25 |    54 |    13 ||    92
Invok: Heroism           |       |       |     8 |    13 ||    21
  Use: Scroll            |     3 |     5 |     9 |     2 ||    19
       Potion            |       |     2 |     2 |     1 ||     5
Armor: Scale mail        |    31 |    85 |    29 |       ||   145
       Chain mail        |       |       |   119 |    48 ||   167
       Skin              |       |       |       |     9 ||     9
Dodge: Dodged            |    32 |    64 |   166 |    66 ||   328
Block: Buckler           |    13 |    27 |    46 |    13 ||    99
       Kite shield       |       |       |       |    32 ||    32

Table legend:
 A = Non-vault XP
 B = Vault XP
 C = Vault XP percentage of total XP
 D = Non-vault monster count
 E = Vault monster count
 F = Vault count percentage of total count
                 A         B        C        D         E       F
            +---------+---------+-------+---------+---------+-------
      Total |    6420 |    3455 |  35.0 |     181 |      28 |  13.4
            +---------+---------+-------+---------+---------+-------
        D:1 |      52 |       5 |   8.8 |      27 |       3 |  10.0
        D:2 |     109 |     261 |  70.5 |      28 |       2 |   6.7
        D:3 |      85 |       0 |   0.0 |      18 |       0 |   0.0
        D:4 |     389 |      54 |  12.2 |      25 |       7 |  21.9
        D:5 |     209 |       0 |   0.0 |       7 |       0 |   0.0
        D:6 |    1858 |       0 |   0.0 |      29 |       0 |   0.0
        D:7 |    1820 |    1907 |  51.2 |      30 |      14 |  31.8
        D:8 |    1898 |    1228 |  39.3 |      17 |       2 |  10.5
            +---------+---------+-------+---------+---------+-------
